 Dungeon Crawl Stone Soup version 0.23.1 (webtiles) character file.

Game seed: 738070793676506434

0 Gargoyl the Skirmisher (level 1, -2/19 HPs)
             Began as a Centaur Abyssal Knight on Mar 19, 2019.
             Was a Follower of Lugonu.
             Slain by a bone dragon (10 damage)
             ... on level 2 of the Abyss.
             The game lasted 00:01:15 (261 turns).

Gargoyl the Skirmisher (Centaur Abyssal Knight)      Turns: 261, Time: 00:01:16

Health: -2/19      AC:  4    Str: 10      XL:     1   Next: 0%
Magic:  2/2        EV:  9    Int: 10 (11) God:    Lugonu [*.....]
Gold:   86         SH:  0    Dex:  8      Spells: 0/0 levels left

rFire    . . .     SeeInvis .   a - +1 hand axe
rCold    . . .     Gourm    .   (no shield)
rNeg     . . .     Faith    .   b - +0 leather armour
rPois    .         Spirit   .   (no helmet)
rElec    .         Reflect  .   (no cloak)
rCorr    .         Harm     .   (no gloves)
MR       .....     Rnd*Rage +   (no barding)
Stlth    ..........             (no amulet)
HPRegen  0.06/turn              (no ring)
MPRegen  0.08/turn              (no ring)

@: very quick
A: large, hooves 3, [berserk 2], deformed body, speed 2, mutation resistance 1,
tough skin 3, [weak 2]
a: Depart the Abyss, Renounce Religion


You were on level 2 of the Abyss.
You worshipped Lugonu.
Lugonu was aware of your devotion.
You were not hungry.

You visited 0 branches of the dungeon, and saw 0 of its levels.
You visited the Abyss 1 time.

You collected 86 gold pieces.

Inventory:

Hand Weapons
 a - a +1 hand axe (weapon)
Armour
 b - a +0 leather armour (worn)
Comestibles
 c - 2 rations


   Skills:
 + Level 3.0 Fighting
 + Level 1.7 Axes
 + Level 1.3 Armour
 + Level 0.6 Dodging
 + Level 2.0 Invocations


You couldn't memorise any spells.
You didn't know any spells.
Your spell library was empty.

Dungeon Overview and Level Annotations

Branches:
Dungeon (0/15)

Altars:


Innate Abilities, Weirdness & Mutations

You have hooves in place of feet.
Armour fits poorly on your strangely shaped body.
You cover ground very quickly.
You have extremely tough skin. (AC +3)
You are somewhat resistant to further mutation.
[You often lose your temper in combat.]
[You are very weak. (Str -4)]


Message History

The sky beast barely misses you. 2 starspawn tentacles come into view.
The sky beast barely misses you. The starspawn tentacle grabs you.
The starspawn tentacle constricts you. The tentacle pulls you backwards!
The starspawn tentacle loses its grip on you.
The tentacle pulls you backwards!
A soul eater comes into view.
The sky beast flickers out of sight!
Deactivating autopickup; reactivate with Ctrl-A.
Something hits you. Something shocks you.
Tentacles burst from the starspawn's body! 2 starspawn tentacles come into view.
Found a corrupted altar of Lugonu.
A bone dragon comes into view.
Found a scroll labeled VUINEA YBAS.
You hit the bone dragon but do no damage.
The bone dragon bites you!
Ouch! That really hurt!
You die...

?. .###. ..#. .#..#....
...##......#.### #
....#..##.....# #. ..
.#...........# #_.
....###.#.#....##..##. .
......D..#.#.###..#.....
#@.#....##.. ..#
##............#
##..........#.#
#...###.....#..# #..# #
.##.##..##. #.# #.
##...#.... #..
...#.#.##... #. #.# ## #
. .#. ..# . #. . . ...#x


You could see a bone dragon.

Vanquished Creatures (others)
  8 starspawn tentacles (Abyss:2)
8 creatures vanquished.

Notes
Turn   | Place    | Note
-------+----------+-------------------------------------------
     0 | Abyss:1  | Gargoyl the Centaur Abyssal Knight began the quest for the
                  | Orb.
     0 | Abyss:1  | Reached XP level 1. HP: 19/19 MP: 2/2
    26 | Abyss:2  | Noticed a wight
    33 | Abyss:2  | Found a corrupted altar of Lugonu.
    73 | Abyss:2  | Noticed a wretched star
    83 | Abyss:2  | Noticed a tentacled starspawn
   113 | Abyss:2  | Noticed a small abomination
   120 | Abyss:2  | Noticed a small abomination
   156 | Abyss:2  | Noticed a neqoxec
   162 | Abyss:2  | Gained mutation: You are somewhat resistant to further
                  | mutation. [a neqoxec]
   166 | Abyss:2  | Found a corrupted altar of Lugonu.
   169 | Abyss:2  | Noticed an iron imp
   185 | Abyss:2  | Noticed a tentacled starspawn
   187 | Abyss:2  | Noticed a sky beast
   228 | Abyss:2  | Noticed an eidolon
   234 | Abyss:2  | Noticed a soul eater
   249 | Abyss:2  | Found a corrupted altar of Lugonu.
   260 | Abyss:2  | Noticed a bone dragon
   261 | Abyss:2  | Slain by a bone dragon

Action                   || total
-------------------------++-------
Melee: Hand axe          ||     1
Dodge: Dodged            ||     2
